 Dungeon Sprint DCSS version 0.21.1-1-g345015f (webtiles) character file.

106 sanboga the Chopper (level 4, 0/48 HPs)
             Began as a Gargoyle Berserker on Feb 11, 2018.
             Was a Priest of Trog.
             Slain by a merfolk siren
             ... wielding a +0 trident
              (6 damage)
             ... in the Dungeon (Sprint II: "The Violet Keep of Menkaure").
             The game lasted 00:00:37 (178 turns).

sanboga the Chopper (Gargoyle Berserker)             Turns: 178, Time: 00:00:37

Health: 0/48       AC:  6    Str: 26    XL:     4   Next: 84%
Magic:  4/4        EV: 12    Int:  8    God:    Trog [***...]
Gold:   486        SH:  0    Dex:  9    Spells: 3/3 levels left

rFire    . . .     SeeInvis .   a - +0 hand axe
rCold    . . .     Gourm    .   (no shield)
rNeg     + . .     Faith    .   b - +0 animal skin
rPois    ∞         Spirit   .   (no helmet)
rElec    +         Reflect  .   (no cloak)
rCorr    .         Harm     .   (no gloves)
MR       .....     NoTele   +   (no boots)
Stlth    ..........             (no amulet)
HPRegen  0.16/turn              (no ring)
MPRegen  0.09/turn              (no ring)

@: berserking, very quick
A: negative energy resistance 1, electricity resistance, unbreathing,
petrification resistance, rot immunity, AC +3
a: Berserk, Trog's Hand, Burn Spellbooks, Renounce Religion


You were in the Dungeon.
You worshipped Trog.
Trog was most pleased with you.
You were hungry.

You visited 1 branch You collected 486 gold pieces.

Inventory:

Hand Weapons
 a - a +0 hand axe (weapon)
Armour
 b - a +0 animal skin (worn)
Scrolls
 i - a scroll of blinking
Potions
 d - a potion of curing
 e - a potion of heal wounds
 f - a potion of haste
 g - 2 potions of magic
 h - a potion of berserk rage
Comestibles
 c - a ration


   Skills:
 + Level 5.9 Fighting
 * Level 6.4 Axes
 + Level 5.3 Armour
 - Level 1.5 Dodging


You had 3 spell levels left.
You didn't know any spells.

Dungeon Overview and Level Annotations

Branches:
Dungeon (1/1)

Altars:


Innate Abilities, Weirdness & Mutations

You are resistant to torment.
Your stone body is resilient. (AC +3)
You are immune to poison.
You resist negative energy. (rN+)
You are resistant to electric shocks. (rElec)
You can survive without breathing.
You are immune to petrification.
You are immune to rotting.


Message History

You slash the merfolk siren!
The merfolk siren is moderately wounded.
You hit the merfolk siren.
The merfolk siren is heavily wounded.
The merfolk siren barely misses you.
You hit the merfolk siren.
The merfolk siren is heavily wounded.
You barely miss the merfolk siren.
The merfolk siren is heavily wounded.
The merfolk siren closely misses you.
You hit the merfolk siren.
The merfolk siren is heavily wounded.
The merfolk siren hits you with a trident!
* * * LOW HITPOINT WARNING * * *
You closely miss the merfolk siren.
The merfolk siren is heavily wounded.
You slash the merfolk siren!
The merfolk siren is severely wounded.
The merfolk siren hits you with a trident.
You die...

#+##
###..##
#.##..#
####.#.##
##.# #†##
#.†###.##
+##.†.<.+
#.†###.##
##. #@#
## #.m.#
#..#..#
##. .##
## ##


You could see a merfolk siren.

Vanquished Creatures
  4 worker ants (D)
  3 worms (D)
7 creatures vanquished.

Vanquished Creatures (others)
  A crocodile (D)
1 creature vanquished.

Grand Total: 8 creatures vanquished

Notes
Turn   | Place    | Note
-------+----------+-------------------------------------------
     0 | D        | sanboga the Gargoyle Berserker began the quest for the Orb.
     0 | D        | Reached XP level 1. HP: 14/14 MP: 1/1
     1 | D        | Noticed a worker ant
     1 | D        | Noticed a worker ant
     4 | D        | Killed a worker ant
     4 | D        | Reached skill level 4 in Axes
     4 | D        | Reached XP level 2. HP: 20/20 MP: 2/2
     4 | D        | Reached XP level 3. HP: 24/24 MP: 3/3
     6 | D        | Reached skill level 5 in Fighting
     6 | D        | Reached skill level 5 in Axes
    12 | D        | Reached ** piety under Trog
    12 | D        | Reached XP level 4. HP: 31/31 MP: 4/4
    14 | D        | Reached skill level 6 in Axes
    14 | D        | Reached skill level 5 in Armour
   125 | D        | Reached *** piety under Trog
   137 | D        | Killed a crocodile
   167 | D        | Noticed a merfolk siren
   178 | D        | Slain by a merfolk siren

Skill      XL: |  1  2  3  4 |
---------------+-------------+-----
Fighting       | 4 5 |  5.9
Axes           | 4 5 6 |  6.4
Armour         | 3 4 5 |  5.3
Dodging        | |  1.5

Action                   |  1- 3 |  4- 6 || total
-------------------------+-------+-------++-------
Melee: Hand axe          |     8 |    17 ||    25
Invok: Berserk           |     1 |     2 ||     3
Armor: Animal skin       |       |     1 ||     1
Dodge: Dodged            |     4 |     4 ||     8
